 Seeded DCSS version 0.28-a0-819-g6ef7baa362 (webtiles) character file.

Game seed: 20211109 (custom seed)

7 a11behringer the Covered (level 1, 20/20 HPs)
             Began as a Minotaur Fighter on Nov 9, 2021.
             Was a Follower of Vehumet.
             Got out of the dungeon alive.
             The game lasted 00:01:37 (426 turns).

a11behringer the Covered (Minotaur Fighter)          Turns: 426, Time: 00:01:37

Health: 20/20      AC:  7    Str: 20    XL:     1   Next: 91%
Magic:  0/0        EV:  9    Int:  5    God:    Vehumet [*.....]
Gold:   59         SH:  4    Dex:  9    Spells: 0/0 levels left

rFire   . . .      SeeInvis .   a - +0 long sword
rCold   . . .      Faith    .   c - +0 buckler
rNeg    . . .      Spirit   .   b - +0 scale mail
rPois   .          Reflect  .   (helmet restricted)
rElec   .          Harm     .   (no cloak)
rCorr   .          Rampage  .   (no gloves)
Will    .....                   (no boots)
Stlth   ..........              (no amulet)
HPRegen 0.06/turn               (no ring)
MPRegen 0.07/turn               (no ring)

@: no status effects
A: horns 2, retaliatory headbutt
a: Renounce Religion


You escaped.
You worshipped Vehumet.
Vehumet was aware of your devotion.
You visited 1 branch of the dungeon, and saw 1 of its levels.

You collected 59 gold pieces.

Inventory:

Hand Weapons
 a - a +0 long sword (weapon)
Missiles
 g - 15 poisoned darts (quivered)
 h - 34 bolts
Armour
 b - a +0 scale mail (worn)
 c - a +0 buckler (worn)
Scrolls
 e - a scroll of acquirement {unknown}
Potions
 d - a potion of might
 f - a potion of brilliance {unknown}


   Skills:
 + Level 3.8 Fighting
 * Level 2.7 Long Blades
 + Level 3.8 Armour
 + Level 3.8 Shields


You couldn't memorise any spells.
You didn't know any spells.
Your spell library was empty.

Dungeon Overview and Level Annotations

Branches:
Dungeon (1/15)

Altars:
Vehumet


Innate Abilities, Weirdness & Mutations

You have a pair of horns on your head.
You reflexively headbutt those who attack you in melee.


Message History

You kill the goblin!
You see here a +0 club.
You see here 23 bolts.
h - 23 bolts You now have 59 gold pieces (gained 4).
You open the door.
There is an open door here.
Found a stone staircase leading down.
There is a stone staircase leading down here.
h - 34 bolts (gained 11)
A frilled lizard comes into view.
The frilled lizard closely misses you.
You miss the frilled lizard.
Your headbutt misses the frilled lizard.
The frilled lizard closely misses you. You furiously retaliate!
You headbutt the frilled lizard!
You kill the frilled lizard!
You open the door.
A kobold comes into view. It is wielding a +0 short sword.
The kobold shouts!
Found a faded altar of an unknown god.
The kobold closely misses you.
There is an open door here.
You hit the kobold.
You kill the kobold!
Things that are here:
a +0 short sword; a stone; a kobold corpse
There is a faded altar of an unknown god here.
You cannot tell which god this altar belongs to.
Convert to them anyway?
Okay, then.
You cannot tell which god this altar belongs to.
Convert to them anyway?
Vehumet accepts your prayer! Vehumet welcomes you!
You can now gain magical power from killing.
Vehumet offers you knowledge of Shock.
Things that are here:
a +0 short sword; a stone; a kobold corpse
There is an open door here.
There is a staircase leading out of the dungeon here.
Are you sure you want to leave the Dungeon?
This will make you lose the game!
You have escaped!

.# #....######..##...##.#
.# #.........#. #...##.#
.# #..##.....## ##......#
.# #..##......###.......#
.# #.....###...##...#####
.# #....## #.......##
.####.##### ##......#
..........## #.....##
........#..#####@..#
...[>...##.#...###### #.#
#.......'...........######
#.#.#
#.......#########.#......#
#.#.# #.......# #.#......#
#.#.# #.......# #.#......#
#.#.# #.......# #.#...####
#.#.# ....#.### #.#...#
#.#.# .##.#.# #.#...#
#.#.#


There were no monsters in sight!

Vanquished Creatures
  A bat (D:1)
  A giant cockroach (D:1)
  A goblin (D:1)
  A kobold (D:1)
  2 frilled lizards (D:1)
  A rat (D:1)
7 creatures vanquished.

Notes
Turn   | Place    | Note
-------+----------+-------------------------------------------
     0 | D:1      | a11behringer the Minotaur Fighter began the quest for the
                  | Orb.
     0 | D:1      | Reached XP level 1. HP: 19/19 MP: 0/0
   329 | D:1      | Found a faded altar of an unknown god.
   338 | D:1      | Prayed at the altar of an unknown god.
   338 | D:1      | Became a worshipper of Vehumet
   338 | D:1      | Reached * piety under Vehumet
   338 | D:1      | Offered knowledge of Shock by Vehumet.
   426 | D:$      | Got out of the dungeon alive.

Illustrated notes

Levels and vault maps discovered:
D:1:      amcnicky_arrival_wind_blow, layout_basic,
          shapermc_ecumenical_altar_flowoftime

Action                   || total
-------------------------++-------
Melee: Long sword        ||    13
Armor: Scale mail        ||    10
Dodge: Dodged            ||    10
Block: Buckler           ||     3

Table legend: (Time is in decaauts)
 A = Elapsed time spent in this place.
 B = Non-inter-level travel time spent in this place.
 C = Inter-level travel time spent in this place.
 D = Time resting spent in this place.
 E = Time spent auto-exploring this place.
 F = Levels seen in this place.
 G = Mean time per level.
                   A        B        C        D        E       F      G
               +--------+--------+--------+--------+--------+-----+--------+
         Total |    429 |    305 |    124 |      0 |    254 |   1 |  429.0 |
       Dungeon |    429 |    305 |    124 |      0 |    254 |   1 |  429.0 |
               +--------+--------+--------+--------+--------+-----+--------+

Top non-repeatable levels by time:
     D:1: 429 daAuts
